 Dungeon Crawl Stone Soup version 0.29-a0-577-gafbf2c5d25 (webtiles) character file.

Game seed: 4378472475722369455

2438 spiderkeys the Thaumaturge (level 9, -3/57 HPs)
             Began as a Mummy Necromancer on June 13, 2022.
             Was a Follower of Ashenzari.
             Slain by a shadow (29 damage)
             ... on level 7 of the Dungeon.
             The game lasted 00:17:57 (6703 turns).

spiderkeys the Thaumaturge (Mummy Necromancer)      Turns: 6703, Time: 00:17:58

Health: -3/57      AC:  6    Str: 23    XL:     9   Next: 25%
Magic:  23/23      EV: 26    Int: 19    God:    Ashenzari [*.....]
Gold:   353        SH:  0    Dex: 12    Spells: 24/28 levels left

rFire   . . .      SeeInvis .   t - +2 quarterstaff of Supernal Gnosis {flame, Alch, Self} (curse)
rCold   + + .      Faith    .   (shield currently unavailable)
rNeg    + + +      Spirit   .   e - +2 leather armour {Will+}
rPois   ∞          Reflect  .   i - +0 helmet
rElec   .          Harm     .   d - scarf {rC+ rF+}
rCorr   .          Rampage  .   (no gloves)
Will    ++...                   (no boots)
Stlth   +.........              A - amulet of the acrobat
HPRegen 0.19/turn               S - +6 ring of strength
MPRegen 0.18/turn               s - +6 ring of strength

@: acrobatic
A: cold resistance 1, negative energy resistance 3, torment resistance 2, heat
vulnerability 1, in touch with death 1, no potions
a: Renounce Religion, Curse Item, Shatter the Chains


You were on level 7 of the Dungeon.
You worshipped Ashenzari.
Ashenzari was aware of your devotion.
You visited 1 branch of the dungeon, and saw 7 of its levels.

You collected 353 gold pieces.


Innate Abilities, Weirdness & Mutations

You are immune to poison.
Your flesh is cold resistant. (rC+)
You are immune to negative energy. (rN+++)
You are immune to unholy pain and torment.
You are vulnerable to heat. (rF-)
You are in touch with the powers of death.
You do not drink.


   Skills:
 - Level 1.5 Dodging
 - Level 1.5 Stealth
 - Level 9.2(10.0) Spellcasting
 - Level 9.0 Necromancy
 + Level 3.4(4.2) Transmutations
 + Level 3.4(4.2) Poison Magic


You had 24 spell levels left.
You knew the following spells:

 Your Spells              Type           Power      Damage    Failure   Level
v - Vampiric Draining     Necr           60%        2d10      1%          3
X - Necrotize             Necr           100%       1d9       1%          1

Your spell library contained the following spells:

 Spells                   Type           Power      Damage    Failure   Level
 Animate Dead             Necr           60%        N/A       1%          4
 Agony                    Necr           60%        N/A       6%          5

Inventory:

Hand Weapons
 k - a +0 mace
   (You took it off Terence on level 2 of the Dungeon)
 t - the cursed +2 quarterstaff of Supernal Gnosis (weapon) {flame, Alch, Self}
   (You found it on level 4 of the Dungeon)

   It burns those it strikes, dealing additional fire damage.
   It has a curse which improves the following skills: Alchemy: Poison Magic and
   Transmutations.
   Introspection: Fighting and Spellcasting.
Missiles
 h - 184 stones
 r - 6 poisoned darts
Armour
 a - a +0 robe
 b - a +0 chain mail
   (You found it on level 1 of the Dungeon)
 c - a +0 ring mail
   (You found it on level 2 of the Dungeon)
 d - a scarf of resistance (worn)
   (You found it on level 1 of the Dungeon)
 e - a +2 leather armour of willpower (worn)
   (You found it on level 1 of the Dungeon)
 f - a +1 robe of cold resistance
   (You found it on level 6 of the Dungeon)
 g - a +0 leather armour
   (You found it on level 1 of the Dungeon)
 i - a +0 helmet (worn)
   (You found it on level 2 of the Dungeon)
 j - a +0 scale mail
   (You took it off Terence on level 2 of the Dungeon)
 m - a +0 plate armour
   (You found it on level 2 of the Dungeon)
 n - a +0 robe
   (You found it on level 6 of the Dungeon)
 p - a +0 scale mail
   (You found it on level 4 of the Dungeon)
 q - a +0 robe
   (You found it on level 6 of the Dungeon)
 u - a +0 leather armour
   (You took it off an orc on level 4 of the Dungeon)
 v - a +0 leather armour
   (You took it off an orc priest on level 4 of the Dungeon)
 w - a +0 scale mail
   (You found it on level 6 of the Dungeon)
 y - a +0 robe
   (You took it off an orc wizard on level 5 of the Dungeon)
 z - a +0 scale mail
   (You took it off an orc on level 5 of the Dungeon)
 B - a +0 robe
   (You took it off an orc wizard on level 5 of the Dungeon)
 D - a +0 ring mail
   (You took it off an orc on level 5 of the Dungeon)
 E - a +0 robe
   (You took it off an orc wizard on level 5 of the Dungeon)
 G - a +0 robe
   (You took it off an orc wizard on level 5 of the Dungeon)
 H - a +0 robe
   (You took it off a wight on level 6 of the Dungeon)
 I - a +0 robe
   (You took it off a wight on level 6 of the Dungeon)
 J - a +0 scale mail
   (You took it off an orc on level 6 of the Dungeon)
 K - a +0 robe
   (You took it off a wight on level 6 of the Dungeon)
 L - a +0 leather armour
   (You took it off an orc on level 6 of the Dungeon)
 M - a +0 ring mail
   (You found it on level 6 of the Dungeon)
 N - a +0 scale mail
   (You found it on level 6 of the Dungeon)
 O - a +0 ring mail
   (You found it on level 6 of the Dungeon)
 P - a +0 chain mail
   (You took it off an orc on level 7 of the Dungeon)
 Q - a +0 leather armour
   (You took it off an orc on level 7 of the Dungeon)
Jewellery
 s - a +6 ring of strength (right hand)
   (You found it on level 3 of the Dungeon)
 A - an amulet of the acrobat (around neck)
   (You found it on level 3 of the Dungeon)
 F - a ring of fire
   (You found it on level 3 of the Dungeon)
 S - a +6 ring of strength (left hand)
   (You found it on level 2 of the Dungeon)
Wands
 o - a wand of mindburst (4)
   (You found it on level 6 of the Dungeon)
Scrolls
 l - a scroll of amnesia
 x - 3 scrolls of fog
 C - a scroll of blinking {!r}

Dungeon Overview and Level Annotations

Branches:
Dungeon (7/15)             Temple (0/1) D:6

Altars:
Ashenzari
Trog
Yredelemnul

Annotations:
D:2 1 runed translucent door, Crazy Yiuf

#. #...#.# ..# #.... #..
####..##.###### .# #.##.
#...#####..#..#....#..#
# #....
...........##.##.#<#..#
##...
............#†#.))....#
###.#.
............#'#..#.#..##
#...#.
#...####......#)##.#...#
#..... #..
#.##...{....##### #...##
#.##....@.....# ##....
#.####.#.####.# #.###
#.####.#.####.# #.#
#..........##.#######.#
########.#.##.#.<.....#
#......#.#######
###......# ########


There were no monsters in sight!


Message History

Your dream sheep skeleton barely misses the shadow.
You see here a dream sheep corpse.
The shadow hits your dream sheep skeleton.
Your dream sheep skeleton bites the shadow!
The shadow is destroyed!
You have reached level 9!
Your experience leads to an increase in your attributes!
Your base attributes are Str 11, Int 17, Dex 12.
Increase (S)trength, (I)ntelligence, or (D)exterity?
You feel clever. x2 😕 HP[+5]
You now have 57 max hp (+5).
You regained 5 hp, and now have 52/57 hp.
Your dream sheep skeleton crumbles into dust!
A dream sheep comes into view.
The dream sheep bleats!
You hear a bleat! 😎 HP[+5] MP[+12]
Your hp is fully restored (57).
Your mp is fully restored (23).
You feel a surge of power!
The dream sheep writhes in agony! 😎 MP[-1]
You lost 1 mp, and now have 22/23 mp.
You feel a surge of power!
The dream sheep writhes in agony! 😎 MP[-1]
You lost 1 mp, and now have 21/23 mp.
You feel a surge of power!
The dream sheep writhes in agony!
You kill the dream sheep!
The dead are walking!
Your Transmutations skill increases to level 3!
Your Poison Magic skill increases to level 3! 😎 MP[-1]
You lost 1 mp, and now have 20/23 mp.
A dream sheep comes into view.
The dream sheep moves out of view.
A shadow comes into view.
Your dream sheep skeleton bites the dream sheep but does no damage. 😎 MP[+1]
The dream sheep bites your dream sheep skeleton!
Your dream sheep skeleton bites the dream sheep.
The shadow slips into darkness.
The shadow flickers and vanishes!
Deactivating autopickup; reactivate with Ctrl-A.
The dream sheep bites your dream sheep skeleton.
Your dream sheep skeleton closely misses the dream sheep.
The dream sheep misses you.
The shadow strikes at you from the darkness!
Reactivating autopickup. 😕 HP[-2]
You take 2 damage, and now have 55/57 hp.
You hit the dream sheep. You burn the dream sheep. The dream sheep bites you.
The shadow barely misses you.
Your dream sheep skeleton misses the dream sheep.
The dream sheep barely misses you. The shadow hits you. 😕 HP[-5]
You take 5 damage, and now have 50/57 hp.
You barely miss the dream sheep.
Your dream sheep skeleton bites the dream sheep!
The shadow slips into darkness.
The shadow flickers and vanishes!
Deactivating autopickup; reactivate with Ctrl-A.
The dream sheep bites you but does no damage. 😕 HP[+1] MP[+1]
Casting: Necrotize (safe; 1% risk of failure)
Confirm with . or Enter, or press ? or * to list all spells.
Aiming: Necrotize (safe; 1% risk of failure)
Press: ? - help, Shift-Dir - straight line, f - dream sheep
Aim: a dream sheep (severely wounded, ally target, chance to affect: 77%)
You feel a surge of power!
The dream sheep writhes in agony!
You kill the dream sheep!
The dead are walking!
The shadow strikes at you from the darkness!
* * * LOW HITPOINT WARNING * * *
Reactivating autopickup. 😨 HP[-27] MP[-1]
You take 27 damage, and now have 24/57 hp.
MASSIVE DAMAGE!! (PAUSE)
You lost 1 mp, and now have 21/23 mp.
Your dream sheep skeleton bites the shadow but does no damage.
The shadow hits your dream sheep skeleton!
The shadow hits your dream sheep skeleton!
Your dream sheep skeleton bites the shadow.
Your dream sheep skeleton bites the shadow.
Your dream sheep skeleton barely misses the shadow. 😨 MP[+1]
Aiming: Mindburst
Press: ? - help, Shift-Dir - straight line, f - shadow
Aim: a shadow (lightly damaged, ally target, chance to affect: 47%)
The shadow's mind is blasted!
The shadow slips into darkness.
The shadow flickers and vanishes!
Deactivating autopickup; reactivate with Ctrl-A. 😨 HP[+1]
The shadow strikes at your dream sheep skeleton from the darkness!
Your dream sheep skeleton is destroyed!
You see here a dream sheep corpse. 😨 HP[+1] MP[+1]
Your mp is fully restored (23).
There is an open door here.
The shadow strikes at you from the darkness!
Ouch! That really hurt!
You die...

Skill      XL: |  1  2  3  4  5  6  7  8  9 |
---------------+----------------------------+-----
Spellcasting   | 3 4 5 6 9 |  9.2
Necromancy     | 5 6 7 9 |  9.0
Transmutations | 2 3 |  3.4
Poison Magic   | 2 3 |  3.4
Dodging        | |  1.5
Stealth        | |  1.5

Action                   |  1- 3 |  4- 6 |  7- 9 || total
-------------------------+-------+-------+-------++-------
Melee: Unarmed           |     1 |       |       ||     1
       Club              |     3 |       |       ||     3
       Mace              |       |    25 |       ||    25
       Quarterstaff      |       |    18 |    31 ||    49
Throw: Stone             |       |     5 |       ||     5
 Cast: Necrotize         |    71 |    95 |    87 ||   253
       Vampiric Draining |       |     1 |     2 ||     3
Invok: Curse Item        |       |       |     1 ||     1
Evoke: Wand              |       |       |    10 ||    10
  Use: Scroll            |     1 |     2 |    10 ||    13
 Stab: Distracted        |       |       |     2 ||     2
Armor: Leather armour    |    13 |    40 |    32 ||    85
       Robe              |     1 |       |       ||     1
Dodge: Dodged            |    20 |    48 |    48 ||   116

Levels and vault maps discovered:
D:1:      dpeg_arrival_round_a, layout_basic,
          hellmonk_ecumenical_altar_arch_garden, st_stairs_6
D:2:      layout_basic, chequers_serial_rivers_small_3,
          hangedman_decor_peaks_small, wander_ebering_terrifying_dragon_lair,
          uniq_crazy_yiuf_cottage, uniq_terence
D:3:      layout_rooms, nicolae_yredelemnul_corpse_copse,
          hangedman_decor_clover_reticule
D:4:      layout_basic, chequers_serial_rivers_micro_b,
          minmay_misc_feat_enclosed
D:5:      layout_basic, gammafunk_temple_overflow_pools, st_stairs_5,
          nrook_mini_vaults, serial_bayou_pond_c
D:6:      layout_loops_ring, minmay_temple_entry_butterflies
D:7:      layout_loops_cross, hellmonk_guarded_unrand_night

Notes
Turn   | Place    | Note
-------+----------+-------------------------------------------
     0 | D:1      | spiderkeys the Mummy Necromancer began the quest for the
                  | Orb.
     0 | D:1      | Reached XP level 1. HP: 13/13 MP: 4/4
     0 | D:1      | magus.rc [v1.11.3]
   115 | D:1      | Reached skill level 3 in Spellcasting
   381 | D:1      | Reached XP level 2. HP: 19/19 MP: 2/6
   428 | D:1      | Found a faded altar of an unknown god.
   541 | D:1      | Reached skill level 4 in Spellcasting
  1224 | D:2      | Noticed Terence
  1226 | D:2      | Gained mutation: You are in touch with the powers of death.
                  | [Mummy growth]
  1226 | D:2      | Reached XP level 3. HP: 24/24 MP: 6/8
  1352 | D:2      | Killed Terence
  1353 | D:2      | Reached skill level 5 in Spellcasting
  1709 | D:2      | Reached XP level 4. HP: 30/30 MP: 8/11
  2142 | D:2      | Found a runed translucent door.
  2143 | D:2      | Noticed Crazy Yiuf
  2659 | D:3      | Found a basalt altar of Yredelemnul.
  2676 | D:3      | Reached skill level 5 in Necromancy
  3325 | D:4      | Reached XP level 5. HP: 32/35 MP: 7/12
  3640 | D:5      | Entered Level 5 of the Dungeon
  3834 | D:4      | Reached skill level 6 in Necromancy
  3923 | D:5      | Learned a level 3 spell: Vampiric Draining
  4047 | D:5      | Noticed a centaur
  4055 | D:5      | Reached XP level 6. HP: 37/41 MP: 11/13
  4129 | D:5      | Found a broken altar of Ashenzari.
  4130 | D:5      | Found a bloodstained altar of Trog.
  4149 | D:5      | Reached skill level 7 in Necromancy
  4155 | D:5      | Became a worshipper of Ashenzari the Shackled
  4450 | D:5      | Reached XP level 7. HP: 30/46 MP: 8/14
  4733 | D:5      | Reached skill level 8 in Necromancy
  5044 | D:5      | Upgraded the game from 0.29-a0-575-g0dc89cf053 to
                  | 0.29-a0-577-gafbf2c5d25
  5044 | D:5      | magus.rc [v1.11.3]
  5051 | D:5      | Reached * piety under Ashenzari
  5359 | D:6      | Reached skill level 9 in Necromancy
  5372 | D:6      | Reached skill level 6 in Spellcasting
  5398 | D:6      | Reached XP level 8. HP: 40/52 MP: 5/18
  5537 | D:6      | Found a staircase to the Ecumenical Temple.
  5738 | D:6      | Reached skill level 7 in Spellcasting
  6321 | D:7      | Reached skill level 8 in Spellcasting
  6560 | D:7      | Noticed a dream sheep
  6561 | D:7      | Noticed a dream sheep
  6567 | D:7      | Killed a dream sheep
  6568 | D:7      | Reached skill level 9 in Spellcasting
  6575 | D:7      | Noticed a dream sheep
  6582 | D:7      | Killed a dream sheep
  6583 | D:7      | Reached skill level 1 in Transmutations
  6583 | D:7      | Reached skill level 1 in Poison Magic
  6586 | D:7      | Killed a dream sheep
  6587 | D:7      | Reached skill level 2 in Transmutations
  6587 | D:7      | Reached skill level 2 in Poison Magic
  6611 | D:7      | Reached XP level 9. HP: 52/57 MP: 11/23
  6680 | D:7      | Reached skill level 3 in Transmutations
  6680 | D:7      | Reached skill level 3 in Poison Magic
  6703 | D:7      | Slain by a shadow

Vanquished Creatures
  4 dream sheep (D:7)
  A sky beast (D:7)
  A black bear (D:6)
  A centaur (D:5)
  2 phantoms (D:6)
  3 scorpions
  3 wights (D:6)
  A howler monkey (D:5)
  2 hounds
  6 orc priests
  An iguana (D:5)
  4 orc wizards (D:5)
  Terence (D:2)
  A hound zombie (D:3)
  8 adders
  An ufetubus (D:5)
  An adder zombie (D:3)
  A dart slug (D:5)
  9 orcs
  11 endoplasms
  2 giant cockroaches
  4 hobgoblins
  9 jackals
  5 kobolds
  3 quokkas
  6 ball pythons
  2 ball python zombies (D:3)
  5 bats
  3 frilled lizards (D:2)
  8 goblins
  3 rats
112 creatures vanquished.

Vanquished Creatures (collateral kills)
  A dream sheep (D:7)
  A shadow (D:7)
  A worm (D:4)
  2 orcs
  A goblin (D:1)
6 creatures vanquished.

Vanquished Creatures (others)
  5 plants (D:5)
5 creatures vanquished.

Grand Total: 123 creatures vanquished

Table legend:
 A = Non-vault XP
 B = Vault XP
 C = Vault XP percentage of total XP
 D = Non-vault monster count
 E = Vault monster count
 F = Vault count percentage of total count
                 A         B        C        D         E       F
            +---------+---------+-------+---------+---------+-------
      Total |    1839 |    1645 |  47.2 |     103 |      15 |  12.7
            +---------+---------+-------+---------+---------+-------
        D:1 |      31 |       2 |   6.1 |      18 |       1 |   5.3
        D:2 |      39 |      33 |  45.8 |      17 |       2 |  10.5
        D:3 |      36 |      29 |  44.6 |       8 |       4 |  33.3
        D:4 |     188 |       0 |   0.0 |      25 |       0 |   0.0
        D:5 |     655 |      62 |   8.6 |      20 |       2 |   9.1
        D:6 |     662 |       0 |   0.0 |      10 |       0 |   0.0
        D:7 |     228 |    1519 |  86.9 |       5 |       6 |  54.5
            +---------+---------+-------+---------+---------+-------

Illustrated notes

Table legend:
 A = Kills in this place as a percentage of kills in entire the game.
 B = Kills by you in this place as a percentage of kills by you in the entire game.
 C = Kills by friends in this place as a percentage of kills by friends in the entire game.
 D = Other kills in this place as a percentage of other kills in the entire game.
 E = Experience gained in this place as a percentage of experience gained in the entire game.
 F = Experience gained in this place divided by the number of levels of this place that you have seen.
                   A       B       C       D       E      F
               +-------+-------+-------+-------+-------+----------------------
         Total | 100.0 | 100.0 | 100.0 |   N/A | 100.0 | 497.7
       Dungeon | 100.0 | 100.0 | 100.0 |   N/A | 100.0 | 497.7
               +-------+-------+-------+-------+-------+----------------------

Table legend: (Time is in decaauts)
 A = Elapsed time spent in this place.
 B = Non-inter-level travel time spent in this place.
 C = Inter-level travel time spent in this place.
 D = Time resting spent in this place.
 E = Time spent auto-exploring this place.
 F = Levels seen in this place.
 G = Mean time per level.
                   A        B        C        D        E       F      G
               +--------+--------+--------+--------+--------+-----+--------+
         Total |   6742 |   6492 |    250 |    475 |   4855 |   7 |  963.1 |
       Dungeon |   6742 |   6492 |    250 |    475 |   4855 |   7 |  963.1 |
               +--------+--------+--------+--------+--------+-----+--------+

Top non-repeatable levels by time:
     D:5: 1482 daAuts
     D:1: 1145 daAuts
     D:2: 1134 daAuts
     D:6: 998 daAuts
     D:4: 827 daAuts
     D:3: 742 daAuts
     D:7: 411 daAuts
